 Dungeon Crawl Stone Soup version 0.30-a0-728-gc68057be0a (webtiles) character file.

Game seed: 16682710164066385739

2532 avis the Nimble (level 9, -3/159 HPs)
             Began as a Demigod Warper on Feb 1, 2023.
             Slain by an orc warrior
             ... wielding a +0 long sword
              (6 damage)
             ... on level 7 of the Dungeon.
             The game lasted 00:49:24 (7187 turns).

avis the Nimble (Demigod Warper)                    Turns: 7187, Time: 00:49:24

Health: -3/159     AC: 24    Str: 12    XL:     9   Next: 8%
Magic:  15/15      EV:  2    Int: 15    God:
Gold:   47         SH:  0    Dex: 25    Spells: 6/12 levels left

rFire   . . .      SeeInvis .    a - +3 scimitar (protect)
rCold   . . .      Faith    .    (no shield)
rNeg    . . .      Spirit   .    (body armour currently unavailable)
rPois   +          Reflect  .    (helmet currently unavailable)
rElec   +          Harm     .    (cloak currently unavailable)
rCorr   +          Rampage  .    (gloves currently unavailable)
Will    .....      NoTele   +    (boots currently unavailable) Stlth
                                 E - amulet of regeneration
HPRegen 1.26/turn                I - ring "Finwuim" {rElec rPois rCorr}
MPRegen 0.14/turn                (no ring)

@: berserking, tree-form, hasted, very quick
A: stationary, stasis, torment immunity, boosted hp, high MP 1, forlorn, divine
attributes
a: no special abilities


You were on level 7 of the Dungeon.
You were a tree.
You visited 2 branches of the dungeon, and saw 9 of its levels.

You collected 380 gold pieces.
You spent 333 gold pieces at shops.

Inventory:

Hand Weapons
 a - a +3 scimitar of protection (weapon)
 b - a +0 shortbow
 M - a +2 short sword of holy wrath
Missiles
 d - 7 boomerangs of dispersal
 f - 11 poisoned darts (quivered)
 x - 11 boomerangs
 F - 6 atropa-tipped darts
Armour
 n - a scarf of shadows
 o - a +0 leather armour (melded)
 p - the +1 pair of gloves of Garap (melded) {rElec rPois Dex+2}
   (You found it on level 2 of the Dungeon)

   Dex:       It affects your dexterity (+2).
   rElec:     It insulates you from electricity.
   rPois:     It protects you from poison.
 C - a +0 pair of boots (melded)
 U - a +1 helmet (melded)
Jewellery
 E - an amulet of regeneration (around neck)
 I - the ring "Finwuim" (left branch) {rElec rPois rCorr}
   (You found it on level 5 of the Dungeon)

   [ring of poison resistance]

   rElec:     It insulates you from electricity.
   rPois:     It protects you from poison.
   rCorr:     It protects you from acid and corrosion.
Wands
 J - a wand of polymorph (1)
Scrolls
 j - a scroll of torment {unknown}
 l - 2 scrolls of teleportation
 r - 3 scrolls of magic mapping {unknown}
 u - 2 scrolls of enchant armour {unknown}
 v - 2 scrolls of poison {unknown}
 y - 4 scrolls of fog
 B - 2 scrolls of amnesia {unknown}
 G - a scroll of vulnerability {unknown}
 K - a scroll of enchant weapon {unknown}
 O - a scroll of brand weapon {unknown}
 P - a scroll of fear {unknown}
Potions
 e - a potion of brilliance
 h - 2 potions of lignification
 i - a potion of haste
 s - a potion of flight {unknown}
 z - a potion of mutation {unknown}
 D - a potion of might {unknown}
 N - a potion of resistance {unknown}
 R - a potion of degeneration {unknown}


   Skills:
 - Level 4.0 Fighting
 - Level 6.0 Long Blades
 - Level 4.0 Ranged Weapons
 - Level 1.0 Throwing
 - Level 1.0 Armour
 * Level 8.4 Dodging
 - Level 2.0 Spellcasting
 - Level 3.0 Translocations


You had 6 spell levels left.
You knew the following spells:

 Your Spells              Type           Power      Damage    Failure   Level
a - Blink                 Tloc           20%        N/A       10%         2
m - Manifold Assault      Tloc           10%        N/A       54%         4

Your spell library contained the following spells:

 Spells                   Type           Power      Damage    Failure   Level
 Lesser Beckoning         Tloc           20%        N/A       10%         2
 Teleport Other           Tloc           10%        N/A       19%         3
 Scorch                   Fire           2%         2d5       32%         2
 Vhi's Electric Charge    Tloc/Air       12%        N/A       34%         3
 Flame Wave               Conj/Fire      1%         2d4       91%         4
 Summon Cactus Giant      Summ           0%         N/A       100%        6


Dungeon Overview and Level Annotations

Branches:
Dungeon (8/15)             Temple (1/1) D:6
   Lair: D:8-11

Shops:
D:4 [   D:5 *

Annotations:
D:4 Dowan, Duvessa
D:7 Joseph


Innate Abilities, Weirdness & Mutations

You are a tree.
Your roots penetrate the ground, keeping you stationary.
You cannot be teleported.
You are immune to unholy pain and torment.
Your maximum health is greatly increased.
Your equipment is partially melded.
You have an increased reservoir of magic. (+10% MP)
You shall have no god before yourself.
Your divine heritage dramatically boosts your attributes as you level up.


Message History

Joseph is severely wounded.
The orc warrior hits you but does no damage.
The orc hits you with a +0 trident. Joseph hits you with a +0 quarterstaff!
You slash Joseph!
Joseph is almost dead.
The orc warrior hits you with a +0 long sword!
* * * LOW HITPOINT WARNING * * *
The orc barely misses you. Joseph hits you with a +0 quarterstaff.
* * * LOW HITPOINT WARNING * * *
You barely miss Joseph.
Joseph is almost dead.
The orc warrior hits you but does no damage.
The orc misses you. Joseph completely misses you.
You barely miss Joseph.
Joseph is almost dead.
The orc warrior hits you with a +0 long sword.
* * * LOW HITPOINT WARNING * * *
The orc completely misses you. Joseph hits you with a +0 quarterstaff!
* * * LOW HITPOINT WARNING * * *
Really quaff the potion of lignification?
You turn into a tree.
Your +1 helmet melds into your body.
The +1 pair of gloves of Garap {rElec rPois Dex+2} melds into your body.
Your +0 pair of boots melds into your body.
Your +0 leather armour melds into your body.
Your roots penetrate the ground.
The orc warrior hits you but does no damage.
The orc hits you but does no damage.
Joseph tries to grin evilly.
Joseph hits you with a +0 quarterstaff.
* * * LOW HITPOINT WARNING * * *
You feel yourself speed up.
The orc warrior hits you with a +0 long sword!
* * * LOW HITPOINT WARNING * * *
The orc hits you with a +0 trident.
* * * LOW HITPOINT WARNING * * *
Joseph hits you but does no damage.
A red film seems to cover your vision as you go berserk!
You feel yourself moving faster!
You feel mighty!
The orc warrior hits you with a +0 long sword.
You die...

.........#..####.....#...##
####
......#####.#####.........##
## ......# #.#..............#
#. ......# #........######..##
##. ....[.# #........#
##..###.. ##...##
#........#######......# ###..#
#...........).<÷..###.. ##.#
#....oo..)...[.......^.
##.#####....@♣).......#.####..
#........#######...####.#####.
#................### #.#.....
#........######### #...###.
###.....## ##..## #.
#####.##### #..## #. #.....#
#### ## #######


You could see Joseph, an orc warrior and an orc.

Vanquished Creatures
  Prince Ribbit (D:7)
  A steam dragon (D:6)
  A water moccasin (D:6)
  2 black bears (D:5)
  An ogre (D:5)
  A sky beast (D:6)
  An ice beast (D:4)
  2 centaurs
  2 kobold brigands (D:6)
  A lemure (D:7)
  3 bullfrogs
  3 necrophages
  6 killer bees (D:7)
  4 howler monkeys
  7 hounds
  2 orc priests (D:7)
  3 jellies
  An iguana (D:4)
  An orc wizard (D:7)
  4 gnolls (D:6)
  3 adders
  A white imp (D:7)
  2 ufetubi
  A worm (D:2)
  2 dart slugs
  10 orcs
  8 ball pythons
  6 bats
  6 endoplasms
  4 giant cockroaches
  7 goblins
  13 hobgoblins
  7 jackals (D:2)
  4 quokkas
  6 frilled lizards
  10 kobolds
  3 rats
140 creatures vanquished.

Vanquished Creatures (others)
  A hound (D:6)
1 creature vanquished.

Grand Total: 141 creatures vanquished

Notes
Turn   | Place    | Note
-------+----------+-------------------------------------------
     0 | D:1      | avis the Demigod Warper began the quest for the Orb.
     0 | D:1      | Reached XP level 1. HP: 17/17 MP: 5/5
   278 | D:1      | Reached skill level 1 in Armour
   344 | D:1      | Reached skill level 2 in Dodging
   509 | D:1      | Reached XP level 2. HP: 24/24 MP: 7/7
  1110 | D:1      | Learned a level 2 spell: Blink
  1147 | D:2      | Identified the +1 pair of gloves of Garap {rElec rPois
                  | Dex+2}
  1184 | D:2      | Reached skill level 3 in Dodging
  1184 | D:2      | Reached XP level 3. HP: 27/29 MP: 8/8
  1269 | D:2      | Reached skill level 1 in Throwing
  1828 | D:3      | Reached XP level 4. HP: 37/37 MP: 9/9
  2767 | D:4      | Noticed Duvessa
  2854 | D:4      | Found Miostra's Armour Shop.
  2875 | D:4      | Noticed an ice beast
  2904 | D:4      | Killed an ice beast
  2905 | D:4      | Reached XP level 5. HP: 19/45 MP: 10/10
  3047 | D:4      | Reached skill level 1 in Ranged Weapons
  3248 | D:4      | Reached XP level 6. HP: 48/51 MP: 11/11
  3390 | D:5      | Entered Level 5 of the Dungeon
  3503 | D:5      | Found Wul Ruwk's General Store.
  3547 | D:5      | Reached skill level 4 in Dodging
  3640 | D:4      | Noticed Dowan
  3992 | D:5      | Reached skill level 5 in Dodging
  3992 | D:5      | Reached XP level 7. HP: 11/54 MP: 13/13
  4409 | D:5      | You fall into a shaft and drop 1 floor!
  4470 | D:6      | Reached skill level 6 in Dodging
  4481 | D:6      | Learned a level 4 spell: Manifold Assault
  4530 | D:6      | Found a staircase to the Ecumenical Temple.
  4606 | D:6      | Noticed a steam dragon
  4622 | D:7      | Noticed Prince Ribbit
  5146 | D:6      | Killed a steam dragon
  5147 | D:6      | Reached skill level 5 in Long Blades
  5147 | D:6      | Reached XP level 8. HP: 66/66 MP: 14/14
  5203 | D:5      | Identified the ring "Finwuim" {rElec rPois rCorr}
  5711 | D:5      | Bought a +3 scimitar of protection for 305 gold pieces
  5995 | D:6      | Identified the +7 war axe of Waic {flame, rPois}
  6331 | D:7      | Killed Prince Ribbit
  6332 | D:7      | Reached skill level 7 in Dodging
  6529 | D:7      | Reached skill level 8 in Dodging
  6529 | D:7      | Reached XP level 9. HP: 70/71 MP: 15/15
  6861 | Temple   | Entered the Ecumenical Temple
  6945 | D:5      | Bought a scroll of identify for 28 gold pieces
  7003 | D:8      | Noticed Joseph
  7186 | D:7      | HP: 3/106 [orc warrior/+0 long sword (7)]
  7186 | D:7      | HP: 1/106 [orc/+0 trident (2)]
  7187 | D:7      | Slain by an orc warrior

Illustrated notes

Levels and vault maps discovered:
D:1:      heliophobic_arrival_ceremonial_halls, layout_basic,
          minmay_heptomino_h4
D:2:      layout_basic
D:3:      layout_loops_ring, mainiacjoe_overflow_cross_hatched,
          amcnicky_mini_corridor_feature
D:4:      layout_rooms, mainiacjoe_overflow_small_starburst, serial_shops, shop,
          uniq_duvessa
D:5:      layout_basic, serial_shops, shop_coins
D:6:      layout_gridville, minmay_temple_entry_slanted
D:7:      layout_rooms, pdpol_wu_jian_five_deadly_venoms,
          dreamdust_princess_corridor, uniq_prince_ribbit1
D:8:      layout_loops_ring, uniq_gastronok, uniq_joseph, uniq_pikel
Temple:   nicolae_temple_superstar

Skill      XL: |  1  2  3  4  5  6  7  8 |
---------------+-------------------------+-----
Fighting       | 2 3 4 |  4.0
Long Blades    | 2 4 5 6 |  6.0
Armour         | 1 |  1.0
Dodging        | 2 3 5 6 8 |  8.4
Spellcasting   | 2 |  2.0
Translocations | 3 |  3.0
Throwing       | 1 |  1.0
Ranged Weapons | 2 4 |  4.0

Action                     |  1- 3 |  4- 6 |  7- 9 || total
---------------------------+-------+-------+-------++-------
  Melee: Falchion          |   123 |   107 |   108 ||   338
         Punch             |     1 |     1 |     7 ||     9
         Scimitar          |       |       |   104 ||   104
   Fire: Sling             |    70 |    98 |    21 ||   189
         Shortbow          |       |       |    68 ||    68
  Throw: Dart              |       |       |     8 ||     8
    Use: Potion            |     2 |     2 |     9 ||    13
         Scroll            |       |       |     8 ||     8
   Stab: Invisible         |       |       |     1 ||     1
 Armour: Leather armour    |    51 |    49 |    80 ||   180
         Skin              |       |       |     3 ||     3
  Dodge: Dodged            |   126 |   121 |   310 ||   557
  Block: Other             |       |       |     4 ||     4

Table legend: (Time is in decaauts)
 A = Elapsed time spent in this place.
 B = Non-inter-level travel time spent in this place.
 C = Inter-level travel time spent in this place.
 D = Time resting spent in this place.
 E = Time spent auto-exploring this place.
 F = Levels seen in this place.
 G = Mean time per level.
                   A        B        C        D        E       F      G
               +--------+--------+--------+--------+--------+-----+--------+
         Total |   7311 |   6581 |    730 |   1123 |   3378 |   9 |  812.3 |
       Dungeon |   7298 |   6569 |    729 |   1123 |   3378 |   8 |  912.2 |
        Temple |     12 |     11 |      1 |      0 |      0 |   1 |   12.0 |
               +--------+--------+--------+--------+--------+-----+--------+

Top non-repeatable levels by time:
     D:5: 1542 daAuts
     D:1: 1202 daAuts
     D:7: 1132 daAuts
     D:6: 1047 daAuts
     D:4: 892 daAuts
     D:3: 766 daAuts
     D:2: 697 daAuts
     D:8: 17 daAuts
  Temple: 12 daAuts
